 Dungeon Crawl Stone Soup version 0.20.1-1-g8b1a95d (webtiles) character file.

50 Gnungangingling the Skirmisher (level 3, 0/33 HPs)
             Began as a Hill Orc Fighter on Sept 11, 2017.
             Slain by a jackal (1 damage)
             ... on level 3 of the Dungeon.
             The game lasted 00:04:16 (1409 turns).

Gnungangingling the Skirmisher (Hill Orc Fighter)   Turns: 1409, Time: 00:04:17

Health: 0/33       AC:  6    Str: 19    XL:     3   Next: 79%
Magic:  3/3        EV:  7    Int:  8    God:
Gold:   90         SH:  9    Dex: 12    Spells: 1/2 levels left

rFire    . . .     SeeInvis .   a - +0 war axe
rCold    . . .     Gourm    .   c - +0 shield
rNeg     . . .     Faith    .   b - +0 scale mail
rPois    .         Spirit   .   (no helmet)
rElec    .         Reflect  .   (no cloak)
rCorr    .         Harm     .   (no gloves)
MR       .....     Rnd*Tele +   (no boots)
Stlth    ..........             (no amulet)
Regen    0.2/turn               (no ring)
MPRegen  0.1/turn               (no ring)

@: lethally poisoned (0 -> -2)
A: agile 1, teleportitis 1, sturdy frame 1
a: no special abilities


You were on level 3 of the Dungeon.
You were not hungry.

You visited 1 branch of the dungeon, and saw 3 of its levels.

You collected 90 gold pieces.

Inventory:

Hand Weapons
 a - a +0 war axe (weapon)
Armour
 b - a +0 scale mail (worn)
 c - a +0 shield (worn)
Scrolls
 e - a scroll of remove curse {unknown}
 g - a scroll of enchant armour {unknown}
 j - a scroll of enchant weapon {unknown}
Potions
 d - 2 potions of might
 i - a potion of mutation
 k - 3 potions of magic {unknown}
 l - a potion of berserk rage {unknown}
Books
 m - a book of Changes

   Spells                             Type                      Level
   a - Beastly Appendage              Transmutation                1
   b - Sticks to Snakes               Transmutation                2
   c - Spider Form                    Transmutation/Poison         3
   d - Ice Form                       Ice/Transmutation            4
   e - Blade Hands                    Transmutation                5
Comestibles
 f - 2 bread rations
 h - a meat ration


   Skills:
 + Level 3.9 Fighting
 + Level 3.8 Axes
 + Level 3.5 Armour
 + Level 3.7 Shields
 + Level 0.2 Spellcasting
 + Level 0.2 Transmutations


You had one spell level left.
You knew the following spells:

 Your Spells              Type           Power        Failure   Level  Hunger
a - Beastly Appendage     Tmut           #.....       98%         1    ##.....


Dungeon Overview and Level Annotations

Branches:
Dungeon (3/15)

Altars:


Innate Abilities, Weirdness & Mutations

You are agile. (Dex +2)
You are occasionally teleported next to monsters.
Your movements are slightly less encumbered by armour. (ER -2)


Message History

* * * LOW HITPOINT WARNING * * *
You hit the jackal.
The jackal is severely wounded.
The jackal bites you but does no damage.
The jackal bites you.
* * * LOW HITPOINT WARNING * * *
You miss the jackal.
The jackal is severely wounded.
* * * LOW HITPOINT WARNING * * *
You feel sick.
The jackal bites you but does no damage.
You block the jackal's attack.
You hit the jackal but do no damage.
The jackal is severely wounded.
The jackal barely misses you. You block the jackal's attack.
It was a potion of mutation.
You feel extremely strange.
You feel agile.
You feel weirdly uncertain.
You feel less encumbered by your armour.
You block the jackal's attack. The jackal bites you.
You die...

###
...
#.#
#.#
#h#
#@#
#.#
#$#
#<#
#.#
#..
####


You could see a jackal.

Vanquished Creatures
  An adder (D:3)
  A worm (D:2)
  A leopard gecko (D:2)
  A giant cockroach (D:1)
  4 goblins
  9 hobgoblins
  3 jackals
  A quokka (D:2)
  2 bats
  A frilled lizard (D:1)
  5 kobolds
  4 rats
33 creatures vanquished.

Notes
Turn   | Place    | Note
-------+----------+-------------------------------------------
     0 | D:1      | Gnungangingling the Hill Orc Fighter began the quest for the Orb.
     0 | D:1      | Reached XP level 1. HP: 19/19 MP: 1/1
   294 | D:1      | Reached XP level 2. HP: 27/27 MP: 2/2
   790 | D:2      | Reached XP level 3. HP: 30/33 MP: 3/3
   951 | D:2      | Learned a level 1 spell: Beastly Appendage
  1407 | D:3      | HP: 1/33 [poisoned by an adder]
  1409 | D:3      | Gained mutation: You are agile. (Dex +2) [potion of mutation]
  1409 | D:3      | Gained mutation: You are occasionally teleported next to monsters. [potion of mutation]
  1409 | D:3      | Gained mutation: Your movements are slightly less encumbered by armour. (ER -2) [potion of mutation]
  1409 | D:3      | Slain by a jackal

Skill      XL: |  1  2 |
---------------+-------+-----
Axes           | 3 |  3.8
Fighting       | |  3.9
Armour         | |  3.5
Shields        | |  3.7
Spellcasting   | |  0.2
Transmutations | |  0.2

Action                   || total
-------------------------++-------
Melee: War axe           ||   117
  Use: Potion            ||     1
  Eat: Meat ration       ||     1
Armor: Scale mail        ||    83
Dodge: Dodged            ||    52
Block: Shield            ||    87
